 Dungeon Crawl Stone Soup version 0.30-a0-394-g3e4acdb0ae (webtiles) character file.

Game seed: 4715447610738938963

2543424 magipi the Impregnable (level 27, 303/303 HPs)
             Began as an Armataur Berserker on Dec 2, 2022.
             Was a High Priest of Trog.
             Escaped with the Orb
             ... and 4 runes on Dec 6, 2022!
             The game lasted 05:07:22 (62138 turns).

magipi the Impregnable (Armataur Berserker)        Turns: 62138, Time: 05:07:23

Health: 303/303    AC: 50    Str: 30    XL:     27
Magic:  33/33      EV: 24    Int: 11    God:    Trog [*****.]
Gold:   1434       SH: 21    Dex: 25    Spells: 26/26 levels left

rFire   + + .      SeeInvis +    b - +18 lance "Wyrmbane" {slay drac, rPois rF+ rC+ AC+3}
rCold   + + .      Faith    .    U - +2 kite shield
rNeg    + . .      Spirit   .    Y - +10 storm dragon scales {Bai Suzhen}
rPois   +          Reflect  .    E - +1 helmet of Curiosity {rPois Regen+}
rElec   +          Harm     .    T - +0 cloak {Will+}
rCorr   .          Roll     +    y - +1 pair of gloves "Exiso" {rC+ Str+4 Stlth-}
Will    +++..                    N - +0 barding
Stlth   ..........               r - macabre finger necklace {rN+}
HPRegen 1.50/turn                v - ring of the Hare {EV+8, =R}
MPRegen 0.23/turn                f - ring "Uryotuj" {Fly rF+ Dex+6 Stlth+, =R}
                                 i - ring of see invisible

@: flying, hasted (expiring), glowing, very quick
A: large, rugged brown scales 3, deformed body, armoured tail, roll, long
tongue, awkward tongue, large bone plates 1, camouflage 1, deterioration 2,
mutation resistance 1, robust 1, strong 1
0: Orb of Zot
}: 4/15 runes: barnacled, slimy, silver, gossamer
a: Renounce Religion, Berserk, Trog's Hand, Brothers in Arms


You escaped.
You worshipped Trog.
Trog was extremely pleased with you.
You visited 10 branches of the dungeon, and saw 52 of its levels.
You visited the Abyss 1 time.
You also visited: Ossuary and Ice Cave.

You collected 9323 gold pieces.
You spent 7889 gold pieces at shops.

Inventory:

Hand Weapons
 a - a +9 demon trident of flaming
   (Trog gifted it to you on level 11 of the Dungeon)
 b - the +18 lance "Wyrmbane" (weapon) {slay drac, rPois rF+ rC+ AC+3}
   (Trog gifted it to you on level 5 of the Pits of Slime)

   It inflicts extra damage against dragons and draconians.
   AC:        It affects your AC (+3).
   rF:        It protects you from fire.
   rC:        It protects you from cold.
   rPois:     It protects you from poison.
 w - the +6 war axe of Overwhelming Force {spect, +Blink SInv Stlth+}
   (You found it on level 4 of the Shoals)

   When its wielder attacks, the weapon's spirit leaps out and strikes again.
   The spirit shares a part of any damage it takes with its wielder.
   SInv:      It lets you see invisible.
   +Blink:    It lets you blink.
   Stlth:     It makes you more stealthy.
Missiles
 n - 3 silver boomerangs (quivered)
 C - 7 throwing nets
 P - 14 silver javelins
 Q - 9 boomerangs
 R - 21 javelins
Armour
 y - the +1 pair of gloves "Exiso" (worn) {rC+ Str+4 Stlth-}
   (You bought it in a shop on level 14 of the Dungeon)

   Str:       It affects your strength (+4).
   rC:        It protects you from cold.
   Stlth:     It makes you less stealthy.
 E - the +1 helmet of Curiosity (worn) {rPois Regen+}
   (You acquired it on level 5 of the Lair of Beasts)

   rPois:     It protects you from poison.
   Regen:     It increases your rate of health regeneration.
 N - a +0 barding (worn)
   (You found it on level 8 of the Dungeon)
 T - a +0 cloak of willpower (worn)
   (You took it off a draconian knight on level 1 of the Realm of Zot)
 U - a +2 kite shield (worn)
   (You took it off Donald on level 3 of the Spider Nest)
 Y - +10 storm dragon scales (worn) {Bai Suzhen}
   (You found it on level 2 of the Vaults)
Jewellery
 f - the ring "Uryotuj" (right hand) {Fly rF+ Dex+6 Stlth+, =R}
   (You bought it in a shop on level 1 of the Elven Halls)

   [ring of dexterity]

   Dex:       It affects your dexterity (+6).
   rF:        It protects you from fire.
   Fly:       It grants you flight.
   Stlth:     It makes you more stealthy.
 i - a ring of see invisible (on amulet)
   (You bought it in a shop on level 15 of the Dungeon)
 o - the ring "Tiprotu" {rElec rCorr Int+4}
   (You found it on level 5 of the Pits of Slime)

   [ring of resist corrosion]

   Int:       It affects your intelligence (+4).
   rElec:     It insulates you from electricity.
   rCorr:     It protects you from acid and corrosion.
 r - the macabre finger necklace (around neck) {rN+}
   (You bought it in a shop on level 1 of the Orcish Mines)

   [amulet of nothing]

   It enables you to equip an extra ring.
   rN:        It protects you from negative energy.
 v - the ring of the Hare (left hand) {EV+8, =R}
   (You found it on level 4 of the Dungeon)

   [ring of evasion]

   EV:        It affects your evasion (+8).
 X - a ring of willpower
   (You found it on level 5 of the Realm of Zot)
Wands
 c - a wand of acid (9)
   (You found it on level 2 of the Vaults)
 d - a wand of digging (9)
   (You found it on level 8 of the Dungeon)
 s - a wand of mindburst (20)
   (You found it on level 4 of the Spider Nest)
 I - a wand of charming (20)
   (You found it on level 13 of the Dungeon)
 J - a wand of iceblast (26)
   (You bought it in a shop on level 8 of the Dungeon)
 K - a wand of flame (71)
   (You bought it in a shop on level 8 of the Dungeon)
 S - a wand of polymorph (14)
   (You took it off Maurice on level 9 of the Dungeon)
Scrolls
 j - 3 scrolls of silence
 q - 10 scrolls of immolation
 u - 3 scrolls of blinking
 B - 7 scrolls of magic mapping
 D - 10 scrolls of vulnerability
 G - 7 scrolls of fog
 H - 4 scrolls of fear
 Z - 6 scrolls of teleportation
Potions
 g - 14 potions of ambrosia
 h - 6 potions of invisibility
 k - 10 potions of heal wounds
 l - 12 potions of curing
 t - 5 potions of haste
 x - 10 potions of lignification
 z - 7 potions of might
 A - a potion of resistance
 F - 9 potions of magic
 M - 9 potions of mutation
 V - 6 potions of cancellation
Miscellaneous
 p - a box of beasts
   (You found it on level 3 of the Elven Halls)
 L - a tin of tremorstones (inert)
   (You bought it in a shop on level 8 of the Dungeon)
 O - a condenser vane
   (You found it on level 2 of the Shoals)
 W - a phantom mirror
   (You found it on level 4 of the Shoals)


   Skills:
 + Level 23.4 Fighting
 - Level 3.7(9.9) Axes
 - Level 3.5(4.4) Maces & Flails
 - Level 13.7(14.0) Polearms
 - Level 16.0 Throwing
 + Level 26.1 Armour
 - Level 15.0 Dodging
 - Level 15.0 Shields
 - Level 14.0 Invocations
 - Level 20.0 Evocations


You had 26 spell levels left.
You didn't know any spells.
Your spell library was empty.

Dungeon Overview and Level Annotations

Branches:
Dungeon (15/15)            Temple (0/1) D:5            Lair (5/5) D:8
 Shoals (4/4) Lair:2       Spider (4/4) Lair:3        Slime (5/5) Lair:4
    Orc (2/2) D:9             Elf (3/3) Orc:2        Vaults (5/5) D:14
  Crypt (0/3) Vaults:2     Depths (4/4) D:15            Zot (5/5) Depths:4
Ossuary (visited)           IceCv (visited)

Altars:
Ashenzari
Fedhas
Gozag
Hepliaklqana
Okawaru
Qazlal
Ru
Sif Muna
Trog
Uskayaw
Vehumet
Wu Jian
Xom
Jiyva
Lugonu

Shops:
D:6 (   D:8 *   D:12 *   D:14 [*[   D:15 =   Orc:1 **=(   Orc:2 (*=[[*
Elf:1 **==:   Elf:3 :   Vaults:1 (=:(   Vaults:2 [?**   Vaults:5 (   Zot:5 *

Portals:
Hell: Depths:1 Depths:2 Depths:3 Depths:4
Abyss: Depths:3 Depths:4
Pandemonium: Depths:1 Depths:2 Depths:3
Ziggurat: Depths:4

Annotations:
D:6 exclusion: door
D:12 exclusion: 4 oklob plants
D:14 2 transporters, exclusions: obsidian statue and orange crystal statue, Taant's ghost, journeyman GrEE
Lair:3 3 runed translucent doors, DEFE's ghost, journeyman DsWn
Elf:1 3 runed translucent doors, exclusion: obsidian statue, crasatator's ghost, journeyman TrFi
Elf:2 3 runed translucent doors


Innate Abilities, Weirdness & Mutations

You are completely covered in rugged brown scales. (AC +3, +7% HP)
Armour fits poorly on your strangely shaped body.
You have a long armoured tail.
You roll when moving toward enemies. (Rampage)
Your long tongue fully drains potion bottles. (2x potion effects)
Your tongue gives you trouble enunciating. (1.5x scroll delay)
You are partially covered in large bone plates. (SH +4)
Your skin changes colour to match your surroundings (Stealth+).
Your body often deteriorates upon taking damage.
You are somewhat resistant to further mutation.
You are robust. (+10% HP)
Your muscles are strong. (Str +4, Int/Dex -1)


Message History

Unknown command.
As you slowly read the scroll of summoning, it crumbles to dust.
Wisps of shadow whirl around you...
Your troll bites the Brimstone Fiend!
Your troll claws the Brimstone Fiend but does no damage. x2
Your troll bites the Brimstone Fiend!
Your troll claws the Brimstone Fiend! x2
The Brimstone Fiend closely misses you. You block the Brimstone Fiend's attack.
The Brimstone Fiend hits you but does no damage.
The daeva calls down the wrath of the Shining One upon you.
The Shining One smites you!
Unknown command.
You swap places.
Your bat barely misses the daeva.
Your troll bites the Brimstone Fiend.
Your troll claws the Brimstone Fiend but does no damage.
Your troll claws the Brimstone Fiend!
Your bat hits the Brimstone Fiend but does no damage.
The Brimstone Fiend hits your hobgoblin!
Your hobgoblin dies!
Your hobgoblin's corpse dissolves into shadows!
Your troll bites the Brimstone Fiend.
Your troll completely misses the Brimstone Fiend.
Your troll claws the Brimstone Fiend!
Your bat hits the daeva but does no damage.
You swap places.
The daeva blocks your bat's attack.
Your bat hits the daeva but does no damage.
Your troll bites the Brimstone Fiend!!
Your troll claws the Brimstone Fiend.
Your troll claws the Brimstone Fiend!
The seraph shouts a warning to its allies!
The Brimstone Fiend barely misses your troll.
The Brimstone Fiend hits your troll. x2
The daeva hits your troll with a +5 long sword of holy wrath!
The daeva closely misses your troll. The daeva blocks your bat's attack.
You slurp down every last drop of the 6 potions of haste!
You feel yourself speed up. The daeva blocks your bat's attack.
Your troll bites the Brimstone Fiend!
Your troll closely misses the Brimstone Fiend.
Your troll barely misses the Brimstone Fiend.
The seraph gestures.
Your bat hits the seraph but does no damage.
The Brimstone Fiend hits your troll. The Brimstone Fiend hits your troll! x2
The daeva hits your bat with a +5 long sword of holy wrath!
Your bat dies!
Your bat's corpse dissolves into shadows!
Your troll bites the Brimstone Fiend but does no damage.
Your troll claws the Brimstone Fiend. x2
Your hobgoblin barely misses the Brimstone Fiend.
Your troll bites the Brimstone Fiend!!
Your troll claws the Brimstone Fiend!
Your troll claws the Brimstone Fiend but does no damage.
The seraph gestures.
The seraph begins to accept its allies' injuries.
The Brimstone Fiend hits your troll. x2
The Brimstone Fiend barely misses your troll.
The daeva hits your troll with a +5 long sword of holy wrath!!
Your troll dies!
Your troll's corpse disappears in a puff of smoke!
Your hobgoblin hits the Brimstone Fiend but does no damage.
Unknown command.
The Brimstone Fiend barely misses your hobgoblin.
The Brimstone Fiend hits your hobgoblin!
Your hobgoblin dies!
Your hobgoblin's corpse dissolves into shadows!
A smoke demon comes into view.
The smoke demon gestures at you. The ball of steam misses you.
The smoke demon moves out of view.
You reach to attack!
You puncture the smoke demon!
The smoke demon is lightly wounded.
The smoke demon gestures at you. Something smites you!
You reach to attack!
You hit the smoke demon.
The smoke demon is moderately wounded.
You reach to attack!
You hit the smoke demon.
The smoke demon is moderately wounded.
You reach to attack!
You barely miss the smoke demon.
The smoke demon is moderately wounded.
The smoke demon gestures at you. The ball of steam hits you. You resist.
The cherub unwields a +3 scimitar of flaming.
It stops flaming.
The cherub wields a +0 longbow.
The cherub shoots an arrow.
You block the arrow.
The seraph shouts a warning to its allies!
A glowing orange brain comes into view.
You see here a +0 dagger.
The glowing orange brain pulsates ominously.
There is an open door here.
You reach down and close the door.
Your extra speed is starting to run out.
Unknown command.
Unknown command.
Okay, then.
Unknown command.
Unknown command.
A glowing orange brain opens the door.
There is a staircase leading out of the dungeon here.
Unknown command.
Press: ? - help, . - travel You can't see that place. [the floor.] Unknown command.
Unknown command.
Unknown command.
You have escaped!

##### ##♣~~≈##
###### #..♣~≈≈#
#.....
###..♣♣♣###
#.####
#@......AG###.#
###..♣♣♣#...G.#
#>.♣≈≈≈#####.#
##♣≈≈≈## #.# ####
#.# #G# ##)####
###########......
#............####


You could see a seraph.

Vanquished Creatures
  the Royal Jelly (Slime:5)
  8 dread liches
  3 orbs of fire (Zot:5)
  3 ancient liches
  Boris (Vaults:5)
  Josephina (Zot:2)
  Bai Suzhen (Vaults:2)
  4 Killer Klowns
  A curse toe (Zot:4)
  8 golden dragons
  A bone dragon (Depths:4)
  A Brimstone Fiend (Zot:1)
  5 electric golems
  10 tentacled monstrosities
  10 quicksilver dragons
  24 Orb Guardians (Zot:5)
  2 deep elf blademasters (Elf:3)
  17 acid blobs
  A deep elf master archer (Elf:3)
  A titan (Vaults:5)
  13 death cobs
  2 tentacled starspawn (Abyss:2)
  An ancient champion (Vaults:2)
  13 sphinxes
  Gastronok (D:8)
  2 thorn hunters (Depths:3)
  5 shadow dragons
  9 tengu reavers
  11 rockslimes
  8 draconian monks
  8 draconian knights
  2 fire giants
  6 frost giants
  12 azure jellies
  13 storm dragons
  12 draconian scorchers
  19 vault wardens
  6 deep elf sorcerers (Elf:3)
  2 iron dragons (Depths:3)
  7 ghost moths
  2 cacodemons
  10 draconian shifters
  6 draconian stormcallers
  9 stone giants
  2 orc warlords
  2 spriggan defenders (Depths:3)
  12 ironbound preservers
  6 deep elf elementalists
  10 draconian annihilators
  20 very ugly things
  3 emperor scorpions
  A war gargoyle (Vaults:5)
  11 broodmothers
  5 quicksilver oozes
  7 vampire knights
  An eleionoma (Depths:3)
  A starcursed mass (Abyss:2)
  6 deep elf demonologists
  10 ironbound thunderhulks
  10 deep elf annihilators
  17 green draconians
  14 black draconians
  6 spark wasps
  16 red draconians
  12 white draconians
  5 yellow draconians
  10 dire elephants
  An eidolon (Vaults:2)
  2 minotaurs (Shoals:4)
  24 purple draconians
  Snorg (Lair:4)
  7 ettins
  4 deep elf death magi
  A blizzard demon (Depths:3)
  3 merfolk javelineers
  A crystal guardian (Vaults:4)
  4 fire dragons
  4 merfolk impalers
  13 entropy weavers
  5 deep elf high priests (Elf:3)
  5 hydras
  10 great orbs of eyes
  A hell beast (Depths:1)
  42 vault guards
  15 yaktaur captains
  5 rakshasas
  2 ice dragons
  5 merfolk avatars
  Erica (D:8)
  12 centaur warriors
  3 spriggan air magi
  4 ironbound frosthearts
  5 ogre magi
  A peacekeeper (Vaults:4)
  20 two-headed ogres
  6 death yaks (Lair:3)
  2 radroaches
  19 dancing weapons
  8 satyrs
  3 deep troll earth magi (Depths:3)
  5 merfolk aquamancers
  2 vampire magi
  9 boulder beetles
  7 deep troll shamans
  6 tengu warriors
  An alligator snapping turtle (Shoals:3)
  6 spriggan berserkers
  2 orc high priests
  9 sun demons (Depths:1)
  6 deep elf knights
  A wretched star (Abyss:2)
  2 skeletal warriors (D:13)
  9 pharaoh ants
  6 hell knights
  3 iron trolls
  11 sea snakes
  14 steelbarb worms
  A shadow wraith (Vaults:3)
  21 deep trolls
  A spriggan druid (Depths:3)
  3 flayed ghosts
  Pikel (D:8)
  12 orb spiders
  A quicksilver dragon simulacrum (Zot:2)
  5 glowing orange brains
  10 deep elf archers
  7 wizards
  3 phantasmal warriors (Vaults:5)
  18 ironbound convokers
  5 orc knights
  16 lindwurms
  A harpy (shapeshifter) (Vaults:3)
  29 harpies
  28 deep elf pyromancers
  24 wolf spiders
  5 necromancers
  25 deep elf zephyrmancers
  6 shining eyes
  2 orc sorcerers (Orc:1)
  A faun (shapeshifter) (D:14)
  30 ugly things
  24 moths of wrath
  27 manticores
  A large abomination (Elf:1)
  A toenail golem (D:13)
  10 fauns
  2 ice statues
  3 black mambas
  3 elephants (Lair:1)
  10 cyclopes
  Maurice (D:9)
  7 merfolk sirens
  3 torpor snails
  25 vault sentinels
  2 eyes of devastation
  3 water nymphs
  2 rust devils
  A smoke demon (D:7)
  2 unseen horrors
  2 storm dragon simulacra (Zot:2)
  3 cane toads (Lair:5)
  A gargoyle (D:12)
  2 orange demons
  2 hellions
  11 demonic crawlers
  An elf skeleton (Vaults:5)
  A kobold demonologist (D:12)
  2 rime drakes (Lair:5)
  11 komodo dragons
  28 yaktaurs
  3 ice devils
  3 tengu conjurers
  A hellwing (Abyss:2)
  A bunyip simulacrum (Abyss:2)
  2 anaconda simulacra (IceCv)
  An ancient zyme (Abyss:2)
  2 red devils
  A troll (shapeshifter) (Elf:1)
  8 meliai
  A queen bee (shapeshifter) (Elf:1)
  8 trolls
  7 wind drakes
  28 merfolk
  A polar bear (Lair:1)
  3 hornets
  A merfolk (shapeshifter) (Vaults:5)
  A queen bee (D:12)
  21 tarantellas
  104 slime creatures
  6 blink frogs
  A dream sheep (shapeshifter) (Depths:4)
  8 dream sheep
  5 snapping turtles
  26 jumping spiders
  2 shadows
  A spriggan (Lair:1)
  5 air elementals
  A ynoxinul (Depths:2)
  28 water elementals
  7 wyverns
  20 culicivoras
  3 vampires
  A wraith (Abyss:2)
  A dire elephant simulacrum (IceCv)
  22 yaks
  2 fire bats (Depths:1)
  3 basilisks
  A golden eye (Slime:2)
  A white draconian simulacrum (Zot:2)
  A chaos spawn (Abyss:2)
  14 vampire mosquitoes
  A redback (shapeshifter) (Depths:3)
  69 redbacks
  4 steam dragons
  A human simulacrum (Vaults:5)
  2 spatial vortices (Abyss:2)
  6 wargs
  3 harpy simulacra (IceCv)
  An acid dragon (D:11)
  An ogre zombie (Vaults:5)
  A floating eye (Zot:3)
  21 water moccasins
  A sky beast (D:8)
  32 orc warriors
  14 ice beasts
  A black bear (Lair:2)
  20 centaurs
  5 boggarts (Vaults:2)
  28 ogres
  2 small abominations (Abyss:2)
  2 human skeletons (Vaults:5)
  12 wolves
  A lemure (D:9)
  4 phantoms
  5 kobold brigands
  12 bullfrogs
  A gnoll sergeant (D:12)
  A necrophage (D:8)
  8 two-headed ogre simulacra (IceCv)
  4 cane toad simulacra (IceCv)
  4 earth elementals
  15 scorpions
  7 wights (D:8)
  46 killer bees
  6 howler monkeys
  2 electric eels
  4 centaur zombies (Ossuary)
  2 human zombies (Ossuary)
  13 jellies
  2 hounds (D:6)
  2 gnoll boudas
  19 orc priests
  3 iguanas (D:5)
  Jessica (D:3)
  3 scorpion zombies (Ossuary)
  21 orc wizards
  6 hell rats (Lair:1)
  8 troll simulacra (IceCv)
  3 spriggan simulacra (IceCv)
  2 wolf simulacra (IceCv)
  3 mummies (Ossuary)
  18 gnolls
  7 naga simulacra (IceCv)
  7 adders
  6 white imps
  6 ufetubi
  4 worms
  2 dart slugs
  99 orcs
  4 ball pythons
  6 bats
  8 endoplasms
  3 giant cockroaches
  8 goblins
  8 hobgoblins
  6 jackals
  32 kobolds
  3 quokkas
  2 frilled lizards
  4 goblin zombies
  2 hobgoblin zombies (Ossuary)
  2 kobold zombies (Ossuary)
  A quokka zombie (D:8)
  12 rats
  A lurking horror (Abyss:2)
2295 creatures vanquished.

Vanquished Creatures (collateral kills)
  Parghit (Depths:4)
  the Enchantress (Depths:3)
  A tentacled monstrosity (Vaults:5)
  A sphinx (Shoals:4)
  Roxanne (Elf:1)
  Donald (Spider:3)
  Louise (Elf:1)
  A reaper (IceCv)
  2 stone giants
  4 dire elephants
  A yaktaur captain (Vaults:5)
  2 satyrs (Shoals:4)
  3 slime creatures
  A skeletal warrior (D:13)
  A deep elf archer (Elf:1)
  An ironbound convoker (Vaults:1)
  A necromancer (Vaults:5)
  A cane toad (Lair:5)
  A demonic crawler (Spider:3)
  A yaktaur (Vaults:1)
  A tengu conjurer (Depths:3)
  A water moccasin (Lair:5)
  A cane toad simulacrum (IceCv)
  A polar bear simulacrum (IceCv)
  A naga simulacrum (IceCv)
32 creatures vanquished.

Vanquished Creatures (others)
  A death cob (Zot:1)
  A fire giant (Depths:1)
  A green draconian (Zot:2)
  A sea snake (Shoals:4)
  A steelbarb worm (Spider:4)
  An ironbound convoker (Vaults:4)
  2 wizards
  A deep elf zephyrmancer (Elf:1)
  A moth of wrath (Zot:4)
  A tarantella (Spider:4)
  An orc warrior (Orc:2)
  29 fungi
  72 plants
  4 starspawn tentacles (Abyss:2)
117 creatures vanquished.

Grand Total: 2444 creatures vanquished

Notes
Turn   | Place    | Note
-------+----------+-------------------------------------------
     0 | D:1      | magipi the Armataur Berserker began the quest for the Orb.
     0 | D:1      | Reached XP level 1. HP: 19/19 MP: 1/1
    94 | D:1      | Reached XP level 2. HP: 26/26 MP: 2/2
   301 | D:1      | Reached ** piety under Trog
   317 | D:1      | Reached XP level 3. HP: 29/32 MP: 3/3
   822 | D:2      | Reached skill level 3 in Armour
  1267 | D:3      | Reached XP level 4. HP: 19/40 MP: 4/4
  1689 | D:3      | Found a faded altar of an unknown god.
  1703 | D:3      | Reached *** piety under Trog
  1731 | D:3      | Noticed a moth of wrath
  1734 | D:3      | Found a bloodstained altar of Trog.
  1845 | D:3      | Reached skill level 1 in Axes
  1884 | D:3      | Found a sacrificial altar of Ru.
  1887 | D:3      | Noticed Jessica
  1894 | D:3      | Killed Jessica
  1895 | D:3      | Reached XP level 5. HP: 39/48 MP: 5/5
  2047 | D:3      | Reached skill level 1 in Shields
  2285 | D:4      | Found the ring of the Hare {EV+8}
  2326 | D:4      | Found a hide-covered altar of Uskayaw.
  2580 | D:4      | Reached skill level 4 in Armour
  2580 | D:4      | Reached XP level 6. HP: 29/54 MP: 6/6
  2779 | D:5      | Entered Level 5 of the Dungeon
  2779 | D:5      | Noticed a water moccasin
  2785 | D:5      | Killed a water moccasin
  2878 | D:5      | Noticed a water moccasin
  2904 | D:5      | Killed a water moccasin
  2932 | D:5      | Noticed an ice beast
  2939 | D:5      | Reached XP level 7. HP: 62/62 MP: 7/7
  3408 | D:5      | Found a staircase to the Ecumenical Temple.
  3586 | D:5      | Found a broken altar of Ashenzari.
  3586 | D:5      | Found an ornate altar of the Wu Jian Council.
  3650 | D:5      | Reached skill level 5 in Armour
  3655 | D:5      | Identified the +7 trident of the Desolation of Salt {flame,
                  | rN+}
  3832 | D:5      | Identified the +2 pair of gloves of Noughts and Crosses
                  | {Int+3}
  4129 | D:6      | Reached XP level 8. HP: 49/71 MP: 8/8
  4207 | D:6      | Reached skill level 1 in Polearms
  4381 | D:6      | Found Fiemalia's Weapon Shoppe.
  4649 | D:6      | Reached skill level 1 in Throwing
  4922 | D:6      | Noticed a troll
  4946 | D:6      | Killed a troll
  4995 | D:6      | Noticed a two-headed ogre
  5004 | D:6      | Killed a two-headed ogre
  5005 | D:6      | Reached skill level 5 in Polearms
  5005 | D:6      | Reached XP level 9. HP: 77/77 MP: 9/9
  5106 | D:6      | Noticed a deep elf pyromancer
  5118 | D:6      | Killed a deep elf pyromancer
  5282 | D:6      | Noticed a cyclops
  5294 | D:6      | Killed a cyclops
  5295 | D:6      | Reached skill level 5 in Throwing
  5407 | D:6      | Reached XP level 10. HP: 77/85 MP: 10/10
  5982 | D:7      | Paralysed by a hornet for 3 turns
  6158 | D:7      | Reached **** piety under Trog
  6311 | D:7      | Found a stormy altar of Qazlal.
  6627 | D:7      | Found a hazy altar of Hepliaklqana.
  6758 | D:8      | Identified a scroll of acquirement
  6758 | D:8      | Acquired the +4 scale mail of Taivoh {+Inv}
  6805 | D:8      | Noticed Gastronok
  6818 | D:8      | Killed Gastronok
  6904 | D:8      | Found a sand-covered staircase.
  6920 | Ossuary  | Entered an ossuary
  7308 | D:8      | Found Omalut's Gadget Gallery.
  7323 | D:8      | Bought a wand of iceblast (5) for 120 gold pieces
  7323 | D:8      | Bought a wand of iceblast (1) for 24 gold pieces
  7323 | D:8      | Bought a wand of flame (7) for 49 gold pieces
  7323 | D:8      | Bought a tin of tremorstones (2/2) for 400 gold pieces
  7325 | D:8      | Found a staircase to the Lair.
  7347 | D:8      | Noticed Erica
  7406 | D:8      | Reached ***** piety under Trog
  7417 | D:8      | Reached XP level 11. HP: 90/90 MP: 11/11
  7742 | D:8      | Killed Erica
  8560 | D:9      | Noticed Maurice
  8595 | D:9      | Killed Maurice
  8683 | D:9      | Noticed Pikel
  8694 | D:8      | Killed Pikel
  8695 | D:8      | Reached skill level 10 in Polearms
  8743 | D:9      | Found a staircase to the Orcish Mines.
  8966 | D:9      | Found a radiant altar of Vehumet.
  9035 | D:10     | Entered Level 10 of the Dungeon
  9228 | D:10     | Reached skill level 5 in Evocations
  9742 | D:10     | Found a shimmering altar of Xom.
 10194 | D:11     | Received a gift from Trog
 10361 | D:11     | Noticed a two-headed ogre
 10376 | D:11     | Killed a two-headed ogre
 10643 | D:11     | Noticed a two-headed ogre
 10648 | D:11     | Killed a two-headed ogre
 10671 | D:12     | Noticed a brown ugly thing
 10680 | D:12     | Killed a brown ugly thing
 10685 | D:12     | Reached XP level 12. HP: 98/98 MP: 12/12
 10948 | D:12     | Found Umage's Assorted Antiques.
 10955 | D:12     | Bought a scratched gilded ring for 135 gold pieces
 10961 | D:12     | Noticed a boulder beetle
 10969 | D:12     | Killed a boulder beetle
 11448 | D:12     | Noticed a two-headed ogre
 11465 | D:12     | Killed a two-headed ogre
 11476 | D:12     | Noticed a two-headed ogre
 11478 | D:12     | Killed a two-headed ogre
 11755 | D:12     | Received a gift from Trog
 12174 | D:12     | Identified the +0 trident of Kusus {speed, rN++ Str-5
                  | Dex+3}
 12770 | D:12     | Reached XP level 13. HP: 100/105 MP: 13/13
 12843 | D:12     | Upgraded the game from 0.30-a0-385-gfebfb9b408 to
                  | 0.30-a0-389-g8d7d949f56
 13025 | Lair:1   | Entered Level 1 of the Lair of Beasts
 13515 | Lair:1   | Reached skill level 10 in Throwing
 14049 | Lair:1   | Received a gift from Trog
 14543 | Lair:2   | Found a staircase to the Shoals.
 15262 | Lair:3   | Found a frozen archway.
 15291 | IceCv    | Entered an ice cave
 16052 | IceCv    | Noticed a reaper
 16068 | IceCv    | Killed a reaper
 16180 | IceCv    | Identified the +7 mace of the Vestibule of Hell {spect,
                  | *Rage rCorr Int+4}
 16236 | Lair:3   | Identified the +4 leather armour "Kevysmin" {rC+}
 16301 | Lair:3   | Found a runed translucent gate.
 16301 | Lair:3   | Found a runed translucent gate.
 16302 | Lair:3   | Found a runed translucent gate.
 16304 | Lair:3   | Noticed DEFE's ghost (journeyman DsWn)
 16310 | Lair:3   | Found a hole to the Spider Nest.
 16764 | Lair:3   | Received a gift from Trog
 16784 | Lair:3   | Reached skill level 10 in Evocations
 17849 | Lair:4   | Reached XP level 14. HP: 112/112 MP: 14/14
 17894 | Lair:4   | Identified the +1 robe of the Trout {rPois rC+ Dex+4 SInv}
 17923 | Lair:4   | Found a staircase to the Slime Pits.
 18104 | Lair:4   | Identified the amulet "Jestrimaz" {Regen+ Dex+5}
 18113 | Lair:4   | Identified the +7 arbalest of Hieza {vorpal, Dex+2}
 18149 | Lair:5   | Entered Level 5 of the Lair of Beasts
 18297 | Lair:5   | Noticed Snorg
 18313 | Lair:4   | Killed Snorg
 18339 | Lair:5   | Reached skill level 5 in Fighting
 18339 | Lair:5   | Reached skill level 6 in Armour
 18696 | Lair:5   | Reached skill level 5 in Shields
 18907 | Lair:5   | Reached skill level 7 in Armour
 19213 | Lair:5   | Acquired the +1 helmet of Curiosity {rPois Regen+}
 19372 | Orc:1    | Entered Level 1 of the Orcish Mines
 19532 | Orc:2    | Entered Level 2 of the Orcish Mines
 19540 | Orc:2    | Received a gift from Trog
 19679 | Orc:2    | Found Muc Zipi's Assorted Antiques.
 19799 | Orc:2    | Reached skill level 8 in Armour
 19799 | Orc:2    | Reached skill level 5 in Dodging
 19855 | Orc:2    | Received a gift from Trog
 19959 | Orc:2    | Found Hudi Oheca's Armour Emporium.
 19959 | Orc:2    | Found Lured's Jewellery Boutique.
 19960 | Orc:2    | Found Isur's Assorted Antiques.
 19960 | Orc:2    | Found Ucuizamu's Armour Emporium.
 19973 | Orc:2    | Reached XP level 15. HP: 125/125 MP: 15/15
 19988 | Orc:2    | Reached ****** piety under Trog
 19996 | Orc:2    | Bought a glowing cloak for 225 gold pieces
 19996 | Orc:2    | Bought a potion of might for 120 gold pieces
 19996 | Orc:2    | Bought a potion of flight for 90 gold pieces
 19996 | Orc:2    | Bought an agate ring for 150 gold pieces
 19996 | Orc:2    | Bought a wand of iceblast (5) for 360 gold pieces
 20007 | Orc:2    | Paralysed by an ogre mage for 2 turns
 20047 | Orc:1    | Found Ypireryib's Jewellery Boutique.
 20070 | Orc:1    | Reached skill level 9 in Armour
 20071 | Orc:1    | Found Cepou's Antique Weapon Boutique.
 20292 | Orc:1    | Found Riwnotyr's General Store.
 20296 | Orc:1    | Found Hoiwuyskase's Specific Store.
 20300 | Orc:1    | Bought a scroll of identify for 20 gold pieces
 20347 | Orc:1    | Received a gift from Trog
 20451 | Orc:2    | Found Zaemib's Weapon Shoppe.
 20611 | Orc:2    | Found a staircase to the Elven Halls.
 21338 | D:13     | You fall into a shaft and drop 2 floors!
 21338 | D:15     | Entered Level 15 of the Dungeon
 21338 | D:15     | Found Paosaci's Jewellery Boutique.
 21342 | D:15     | Bought a ring of see invisible for 270 gold pieces
 22412 | D:14     | Found Fuywibe's Antique Armour Shoppe.
 22417 | D:14     | Bought a pair of faintly humming gloves for 256 gold pieces
 22417 | D:14     | Identified the +1 pair of gloves "Exiso" {rC+ Str+4 Stlth-}
                  | (You bought it in a shop on level 14 of the Dungeon)
 22417 | D:14     | Bought a slimy ring mail for 243 gold pieces
 22417 | D:14     | Identified the +0 ring mail "Ysaukoal" {Contam rElec rN+}
                  | (You bought it in a shop on level 14 of the Dungeon)
 22444 | D:14     | Found Bocza's General Store.
 22467 | D:14     | Reached skill level 10 in Armour
 22520 | D:14     | Found a transporter.
 22523 | D:14     | Noticed Taant's ghost (journeyman GrEE)
 22611 | D:14     | Found a gate to the Vaults.
 22816 | D:14     | Found a transporter.
 22873 | D:14     | Found Unyughai's Armour Shop.
 23699 | D:15     | Found a staircase to the Depths.
 23876 | D:15     | Identified the +6 chain mail of Zuuskoip {Harm Drain rN+
                  | Str+2}
 24386 | Spider:1 | Entered Level 1 of the Spider Nest
 24418 | Spider:1 | Reached XP level 16. HP: 117/141 MP: 16/16
 24466 | Spider:1 | Reached skill level 10 in Shields
 24801 | Spider:1 | Received a gift from Trog
 25285 | Spider:2 | Reached skill level 10 in Fighting
 25865 | Spider:2 | Received a gift from Trog
 26144 | Spider:2 | Identified the +1 plate armour of Optimism {Fly rCorr Int+3
                  | Dex-5}
 26386 | Spider:3 | Noticed Donald
 26900 | Spider:2 | Reached skill level 11 in Armour
 27232 | Spider:3 | Killed Donald
 27232 | Spider:3 | Received a gift from Trog
 27325 | Spider:3 | Upgraded the game from 0.30-a0-389-g8d7d949f56 to
                  | 0.30-a0-390-g80c34de65d
 27343 | Spider:4 | Entered Level 4 of the Spider Nest
 27407 | Spider:3 | Reached XP level 17. HP: 153/153 MP: 17/17
 28306 | Spider:4 | Received a gift from Trog
 28381 | Spider:4 | Reached skill level 12 in Armour
 28762 | Spider:4 | Identified the +2 hat of the Mind {Str+3}
 28770 | Spider:4 | Got a gossamer rune of Zot
 29189 | Shoals:1 | Entered Level 1 of the Shoals
 29216 | Lair:2   | Received a gift from Trog
 29798 | Shoals:1 | Reached skill level 10 in Dodging
 29990 | Shoals:2 | Found a runed translucent door.
 30231 | Shoals:2 | Reached XP level 18. HP: 154/164 MP: 18/18
 31135 | Shoals:4 | Entered Level 4 of the Shoals
 31225 | Shoals:3 | Received a gift from Trog
 31492 | Shoals:4 | Reached skill level 13 in Armour
 32035 | Shoals:4 | Identified the +7 trident of Keonn {vorpal, Will+ rCorr
                  | Str+4 Int-2} (Trog gifted it to you on level 4 of the
                  | Shoals)
 32035 | Shoals:4 | Received a gift from Trog
 32043 | Shoals:4 | Paralysed by a sphinx for 5 turns
 32155 | Shoals:4 | Got a barnacled rune of Zot
 32221 | Shoals:4 | Identified the +6 war axe of Overwhelming Force {spect,
                  | +Blink SInv Stlth+}
 32547 | Elf:1    | Entered Level 1 of the Elven Halls
 32619 | Abyss:2  | Cast into level 2 of the Abyss (+2 trident of distortion)
 32682 | Abyss:2  | Noticed a lich
 33037 | Abyss:2  | Found a sparkling altar of Nemelex Xobeh.
 33053 | Abyss:2  | Found a sparkling altar of Nemelex Xobeh.
 33087 | Abyss:2  | Noticed a dread lich
 33109 | Abyss:2  | Found a corrupted altar of Lugonu.
 33213 | Abyss:2  | Noticed a profane servitor
 33254 | Abyss:2  | Noticed a dread lich
 33262 | Abyss:2  | Noticed a Tzitzimitl
 33274 | Abyss:2  | Killed a dread lich
 33275 | Abyss:2  | Reached skill level 14 in Armour
 33285 | Elf:1    | Escaped the Abyss
 33295 | Elf:1    | Reached XP level 19. HP: 165/174 MP: 19/19
 33310 | Elf:1    | Paralysed by an air elemental for 1 turns
 33371 | Elf:1    | Reached skill level 15 in Throwing
 33460 | Elf:1    | Identified the +1 halberd "Pefaqy" {flame, *Noise Int+8
                  | SInv Stlth+}
 33505 | Elf:1    | Identified the +2 rapier of Ighur {elec, Will- Int+7}
 33509 | Elf:1    | Received a gift from Trog
 33511 | Elf:1    | Identified the +8 dagger of the Dark Horse {chaos, rElec
                  | rF+ Will-}
 33564 | Elf:1    | Noticed Louise
 33581 | Elf:1    | Killed Louise
 33612 | Elf:1    | Paralysed by an air elemental for 1 turns
 34174 | Elf:1    | Identified Roxanne's Essays on Bedrock
 34174 | Elf:1    | Noticed Roxanne
 34576 | Elf:1    | Killed Roxanne
 34583 | Elf:1    | Found Sogobiots's Jewellery Shoppe.
 34585 | Elf:1    | Found Ypetrall's Book Shop.
 34586 | Elf:1    | Found Wunuxuor's Jewellery Shoppe.
 34625 | Elf:1    | Found a runed translucent gate.
 34625 | Elf:1    | Found a runed translucent gate.
 34626 | Elf:1    | Found a runed translucent gate.
 34626 | Elf:1    | Found an opulent altar of Gozag.
 34628 | Elf:1    | Found Zeoduf's Assorted Antiques.
 34628 | Elf:1    | Noticed crasatator's ghost (journeyman TrFi)
 34629 | Elf:1    | Found Ticifoh's Assorted Antiques.
 34925 | Elf:2    | Upgraded the game from 0.30-a0-390-g80c34de65d to
                  | 0.30-a0-393-g54b8e3be05
 35227 | Elf:2    | Found a shimmering blue altar of Sif Muna.
 35249 | Elf:2    | Paralysed by an air elemental for 1 turns
 35301 | Elf:2    | Found a runed translucent gate.
 35302 | Elf:2    | Found a runed translucent gate.
 35302 | Elf:2    | Found a runed translucent gate.
 35344 | Elf:3    | Entered Level 3 of the Elven Halls
 35402 | Elf:3    | Paralysed by an air elemental for 1 turns
 35404 | Elf:3    | Received a gift from Trog
 35407 | Elf:3    | Paralysed by an air elemental for 1 turns
 35656 | Elf:3    | Found Retujezi's Self-Improvement Boutique.
 36308 | Elf:3    | Reached skill level 15 in Evocations
 36420 | Elf:3    | Identified the +6 scimitar of the Heavens {elec, rPois rN+}
 36495 | Elf:3    | Reached skill level 15 in Fighting
 36513 | Elf:3    | Identified the +3 plate armour of Tulips {rF+ rC+ Int+2}
 36593 | Elf:3    | Found Retujezi's Self-Improvement Boutique.
 37323 | Elf:3    | Reached XP level 20. HP: 190/190 MP: 20/20
 37395 | Elf:3    | Identified the +1 leather armour "Cateox" {Int+3}
 37442 | Elf:3    | Identified the +0 leather armour of Daisies {Will- Int+6
                  | Dex+4}
 38007 | Elf:1    | Bought the ring "Uryotuj" {Fly rF+ Dex+6 Stlth+} for 658
                  | gold pieces
 38104 | Elf:3    | Bought a manual of Evocations for 1600 gold pieces
 38390 | Vaults:1 | Entered Level 1 of the Vaults
 38400 | D:14     | Received a gift from Trog
 38716 | Vaults:1 | Found Kecische's Jewellery Boutique.
 38781 | Vaults:1 | Found Xahuost's Antique Weapon Emporium.
 38943 | Vaults:1 | Found Asmeskit's Antique Weapon Shoppe.
 39129 | Vaults:1 | Received a gift from Trog
 39547 | Vaults:1 | Identified the +1 ring mail of the Dragon {Fly Dex+4
                  | Stlth-}
 39772 | Vaults:1 | Found Raraavu's Book Shoppe.
 39783 | Vaults:1 | Found Keypu's Book Shoppe.
 39815 | Vaults:2 | Found Goufroaj's Magic Scroll Shoppe.
 39937 | Vaults:2 | Received a gift from Trog
 39957 | Vaults:2 | Found Jiwuugat's Antique Armour Emporium.
 39973 | Vaults:2 | Bought a spiked ring mail for 297 gold pieces
 39973 | Vaults:2 | Identified the +6 ring mail of Summer {Str+6} (You bought
                  | it in a shop on level 2 of the Vaults)
 40033 | Vaults:2 | Reached skill level 15 in Armour
 40112 | Vaults:2 | Identified the +8 arbalest "Emedysi" {drain, rC- Str+3
                  | Int+10 Stlth+}
 40317 | Vaults:2 | Found Vaerrul's General Store.
 40901 | Vaults:2 | Found a staircase to the Crypt.
 40957 | Vaults:2 | Received a gift from Trog
 41210 | Vaults:2 | Found Zolliur's Assorted Antiques.
 41767 | Vaults:3 | Reached XP level 21. HP: 183/200 MP: 21/21
 42156 | Vaults:3 | Noticed Bai Suzhen
 42200 | Vaults:2 | Killed Bai Suzhen
 43162 | Vaults:4 | Reached skill level 16 in Armour
 43453 | Vaults:4 | Received a gift from Trog
 44308 | Depths:1 | Entered Level 1 of the Depths
 44614 | Depths:1 | Received a gift from Trog
 44764 | Depths:1 | Found an iron altar of Okawaru.
 44775 | Depths:1 | Found a gateway to Hell.
 44779 | Depths:1 | Gained mutation: You occasionally lose the ability to read
                  | scrolls when taking damage. [a shining eye]
 44796 | Depths:1 | Gained mutation: You occasionally shout uncontrollably at
                  | your foes. [a shining eye]
 44873 | Depths:1 | Lost mutation: You occasionally lose the ability to read
                  | scrolls when taking damage. [potion of mutation]
 44873 | Depths:1 | Lost mutation: You occasionally shout uncontrollably at
                  | your foes. [potion of mutation]
 44873 | Depths:1 | Gained mutation: Your body sometimes deteriorates upon
                  | taking damage. [potion of mutation]
 44873 | Depths:1 | Gained mutation: You are dopey. (Int -2) [potion of
                  | mutation]
 44873 | Depths:1 | Gained mutation: Your tail ends in a venomous barb. [potion
                  | of mutation]
 44873 | Depths:1 | Gained mutation: You are frail. (-10% HP) [potion of
                  | mutation]
 44873 | Depths:1 | Gained mutation: You occasionally lose the ability to read
                  | scrolls when taking damage. [potion of mutation]
 44873 | Depths:1 | Gained mutation: You have sharp toenails. [potion of
                  | mutation]
 44873 | Depths:1 | Gained mutation: You have razor-sharp toenails. [potion of
                  | mutation]
 44874 | Depths:1 | Lost mutation: You occasionally lose the ability to read
                  | scrolls when taking damage. [potion of mutation]
 44874 | Depths:1 | Lost mutation: Your tail ends in a venomous barb. [potion
                  | of mutation]
 44874 | Depths:1 | Lost mutation: You are frail. (-10% HP) [potion of
                  | mutation]
 44874 | Depths:1 | Lost mutation: Your body sometimes deteriorates upon taking
                  | damage. [potion of mutation]
 44874 | Depths:1 | Lost mutation: You are dopey. (Int -2) [potion of mutation]
 44874 | Depths:1 | Lost mutation: You have razor-sharp toenails. [potion of
                  | mutation]
 44874 | Depths:1 | Gained mutation: You are dopey. (Int -2) [potion of
                  | mutation]
 44874 | Depths:1 | Gained mutation: Your spells are a little harder to cast,
                  | but a little more powerful. [potion of mutation]
 44874 | Depths:1 | Gained mutation: Your muscles are strong. (Str +4, Int/Dex
                  | -1) [potion of mutation]
 45122 | Depths:1 | Found a one-way gate leading to the halls of Pandemonium.
 45667 | Orc:1    | Bought the macabre finger necklace {rN+} for 680 gold
                  | pieces
 45667 | Orc:1    | Found the macabre finger necklace {rN+}
 47035 | Depths:2 | Reached XP level 22. HP: 211/211 MP: 22/22
 47516 | Depths:3 | Found a blossoming altar of Fedhas.
 47570 | Depths:3 | Reached skill level 15 in Shields
 47752 | Depths:3 | Identified the ring of Tupliraum {Str+6 Dex+3}
 47865 | Depths:3 | Noticed the Enchantress
 47892 | Depths:3 | Killed the Enchantress
 47892 | Depths:3 | Received a gift from Trog
 47936 | Depths:3 | Found a one-way gate to the infinite horrors of the Abyss.
 47978 | Depths:3 | Found a radiant altar of Vehumet.
 48030 | Depths:4 | Entered Level 4 of the Depths
 48156 | Depths:4 | Noticed Parghit
 48182 | Depths:4 | Killed Parghit
 48183 | Depths:4 | Reached skill level 1 in Invocations
 48360 | Depths:4 | Found a one-way gateway to a ziggurat.
 48762 | Depths:4 | Noticed a golden dragon
 48795 | Depths:3 | Killed a golden dragon
 48920 | Depths:4 | Noticed a golden dragon
 48942 | Depths:4 | Killed a golden dragon
 48945 | Depths:4 | Found a gate to the Realm of Zot.
 49097 | Depths:4 | Found a corrupted altar of Lugonu.
 49565 | Slime:1  | Entered Level 1 of the Pits of Slime
 49664 | Slime:1  | Gained mutation: Your natural rate of healing is unusually
                  | fast. [a shining eye]
 49680 | Slime:1  | Identified the +4 mace of Death's Door {antimagic, Str+5}
                  | (Trog gifted it to you on level 1 of the Pits of Slime)
 49680 | Slime:1  | Received a gift from Trog
 49737 | Slime:2  | Reached skill level 5 in Invocations
 49770 | Slime:2  | Gained mutation: You occasionally lose the ability to read
                  | scrolls when taking damage. [a shining eye]
 49922 | Slime:3  | Gained mutation: You sometimes lose your temper in combat.
                  | [a shining eye]
 49924 | Slime:3  | Gained mutation: You are frail. (-10% HP) [a shining eye]
 50374 | Slime:5  | Entered Level 5 of the Pits of Slime
 50544 | Slime:5  | Found a viscous altar of Jiyva.
 50572 | Slime:5  | Reached XP level 23. HP: 200/200 MP: 23/28
 50618 | Slime:5  | Noticed the Royal Jelly
 50642 | Slime:5  | Paralysed by a great orb of eyes for 3 turns
 50648 | Slime:5  | Received a gift from Trog
 50648 | Slime:5  | Found the +8 lance "Wyrmbane" {slay drac, rPois rF+ rC+
                  | AC+3}
 50651 | Slime:5  | Killed the Royal Jelly
 50908 | Slime:5  | Reached skill level 17 in Armour
 50923 | Slime:5  | Got a slimy rune of Zot
 50924 | Slime:5  | Identified the ring "Teicussy" {rPois rC++ rCorr Str+10
                  | Int-3}
 50939 | Slime:5  | Identified the +1 scale mail of Jodameoh {Dex+3}
 50964 | Slime:5  | Identified the +8 shortbow of Decaying Cruel Justice {elec,
                  | rElec rC+ Dex-4}
 50977 | Slime:5  | Identified the ring "Tiprotu" {rElec rCorr Int+4}
 51011 | Slime:5  | Identified the +8 trident "Okipango" {protect, rElec rC+}
 51090 | Lair:4   | Lost mutation: You are dopey. (Int -2) [potion of mutation]
 51090 | Lair:4   | Lost mutation: Your spells are a little harder to cast, but
                  | a little more powerful. [potion of mutation]
 51090 | Lair:4   | Lost mutation: You are frail. (-10% HP) [potion of
                  | mutation]
 51090 | Lair:4   | Lost mutation: Your natural rate of healing is unusually
                  | fast. [potion of mutation]
 51090 | Lair:4   | Lost mutation: You have sharp toenails. [potion of
                  | mutation]
 51090 | Lair:4   | Lost mutation: You occasionally lose the ability to read
                  | scrolls when taking damage. [potion of mutation]
 51090 | Lair:4   | Gained mutation: You passively map a small area around you.
                  | [potion of mutation]
 51090 | Lair:4   | Lost mutation: Your muscles are strong. (Str +4, Int/Dex
                  | -1) [potion of mutation]
 51090 | Lair:4   | Gained mutation: You are somewhat resistant to further
                  | mutation. [potion of mutation]
 51091 | Lair:4   | Lost mutation: You are somewhat resistant to further
                  | mutation. [potion of mutation]
 51091 | Lair:4   | Lost mutation: You sometimes lose your temper in combat.
                  | [potion of mutation]
 51091 | Lair:4   | Lost mutation: You passively map a small area around you.
                  | [potion of mutation]
 51091 | Lair:4   | Gained mutation: You are partially covered in large bone
                  | plates. (SH +4) [potion of mutation]
 51091 | Lair:4   | Gained mutation: Your skin changes colour to match your
                  | surroundings (Stealth+). [potion of mutation]
 51091 | Lair:4   | Gained mutation: Your body sometimes deteriorates upon
                  | taking damage. [potion of mutation]
 51091 | Lair:4   | Gained mutation: You are robust. (+10% HP) [potion of
                  | mutation]
 51091 | Lair:4   | Gained mutation: Your muscles are strong. (Str +4, Int/Dex
                  | -1) [potion of mutation]
 51091 | Lair:4   | Gained mutation: Your body often deteriorates upon taking
                  | damage. [potion of mutation]
 51091 | Lair:4   | Gained mutation: You are somewhat resistant to further
                  | mutation. [potion of mutation]
 51657 | Vaults:5 | Entered Level 5 of the Vaults
 51728 | Vaults:5 | Noticed a dread lich
 51732 | Vaults:5 | Noticed a dread lich
 51754 | Vaults:5 | Killed a dread lich
 51858 | Vaults:5 | Noticed an ancient lich
 51880 | Vaults:5 | Killed an ancient lich
 51908 | Vaults:5 | Noticed Boris
 51953 | Vaults:5 | Killed Boris
 52105 | Vaults:5 | Found Zexzaiss's Weapon Shoppe.
 52144 | Vaults:5 | Identified the +1 morningstar of the Chickpea {spect, rC+
                  | rCorr Str+2 Dex-3}
 52352 | Vaults:5 | Identified the +3 glaive "Coump" {pain, Int+3}
 52403 | Vaults:5 | Reached XP level 24. HP: 252/252 MP: 30/33
 52403 | Vaults:5 | Reached XP level 25. HP: 262/262 MP: 30/33
 52464 | Vaults:5 | Noticed a dread lich
 52492 | Vaults:5 | Killed a dread lich
 52517 | Vaults:5 | Reached skill level 18 in Armour
 52556 | Vaults:5 | Noticed a dread lich
 52602 | Vaults:5 | Killed a dread lich
 52649 | Vaults:5 | Identified the +2 pair of gloves of the Twisting Gods
                  | {rF++}
 52773 | Vaults:5 | Identified the +1 leather armour "Noadat" {Regen+ Str+5}
 52837 | Vaults:5 | Identified the +2 leather armour of the Moon Troll {+Inv
                  | rPois Will- Dex-2}
 52944 | Vaults:5 | Killed a dread lich
 53241 | Vaults:5 | Got a silver rune of Zot
 53264 | Vaults:5 | Identified the +1 scale mail of Valour {rF- Str+3 Int+3
                  | SInv}
 53468 | Vaults:5 | Acquired a manual of Fighting
 53901 | Elf:3    | Bought a manual of Armour for 1600 gold pieces
 54032 | Orc:2    | Bought a scroll of enchant armour for 270 gold pieces
 54032 | Orc:2    | Bought a potion of heal wounds for 180 gold pieces
 54232 | Vaults:2 | Bought a scroll of enchant armour for 142 gold pieces
 54415 | Zot:1    | Entered Level 1 of the Realm of Zot
 54515 | Zot:1    | Reached skill level 19 in Armour
 54559 | Zot:1    | Received a gift from Trog
 54678 | Zot:1    | Reached XP level 26. HP: 273/273 MP: 33/33
 55077 | Zot:1    | Reached skill level 20 in Armour
 55945 | Zot:2    | Identified the +6 rapier of Gluttony {vorpal, rPois Int-2
                  | Stlth+}
 55984 | Zot:2    | Identified the ring of the Rabble {Ice Int+3}
 55984 | Zot:2    | Noticed Josephina
 56008 | Zot:2    | Killed Josephina
 56071 | Zot:2    | Received a gift from Trog
 57027 | Zot:3    | Reached skill level 15 in Dodging
 57716 | Zot:3    | Noticed a dread lich
 57728 | Zot:3    | Killed a dread lich
 57729 | Zot:3    | Reached skill level 21 in Armour
 57729 | Zot:3    | Noticed a dread lich
 57739 | Zot:3    | Killed a dread lich
 57867 | Zot:3    | Noticed a dread lich
 57889 | Zot:3    | Killed a dread lich
 58157 | Zot:3    | Upgraded the game from 0.30-a0-393-g54b8e3be05 to
                  | 0.30-a0-394-g3e4acdb0ae
 58451 | Zot:4    | Reached skill level 22 in Armour
 58490 | Zot:3    | Received a gift from Trog
 58950 | Zot:4    | Reached skill level 23 in Armour
 58996 | Zot:4    | Reached XP level 27. HP: 297/297 MP: 33/33
 59599 | Zot:4    | Reached skill level 24 in Armour
 59708 | Zot:5    | Entered Level 5 of the Realm of Zot
 59845 | Zot:5    | Received a gift from Trog
 60274 | Zot:5    | Found Kofouv Oreu's Changing Room.
 60630 | Zot:5    | Noticed an orb of fire
 60632 | Zot:5    | Noticed an orb of fire
 60634 | Zot:5    | Noticed an orb of fire
 60639 | Zot:5    | Killed an orb of fire
 60649 | Zot:5    | Noticed an ancient lich
 60652 | Zot:5    | Killed an orb of fire
 60653 | Zot:5    | Reached skill level 25 in Armour
 60653 | Zot:5    | Killed an ancient lich
 60654 | Zot:5    | Killed an orb of fire
 60767 | Zot:5    | Noticed an ancient lich
 60797 | Zot:5    | Killed an ancient lich
 61076 | Zot:5    | Received a gift from Trog
 61372 | Zot:5    | Noticed an orb of fire
 61380 | Zot:5    | Noticed an orb of fire
 61404 | Zot:5    | Reached skill level 26 in Armour
 61499 | Zot:5    | Got the Orb of Zot
 61845 | D:11     | Noticed Keacuuz the pandemonium lord
 62074 | D:1      | Noticed a seraph
 62138 | D:$      | Escaped with the Orb!

Illustrated notes

Levels and vault maps discovered:
D:1:      saegor_arrival_simple_d, layout_loops_ring
D:2:      layout_rooms
D:3:      minmay_chambers_of_threes, layout_basic, mainiacjoe_overflow_catwalk,
          tgw_trog, hellmonk_ecumenical_altar_run_dry,
          kennysheep_generic_room_12, uniq_jessica
D:4:      layout_basic, kennysheep_mini
D:5:      nicolae_cairo_tiling_large_dashed, layout_loops_corners,
          gammafunk_temple_overflow_wave, minmay_temple_entry_nine_rooms
D:6:      minmay_klotski, layout_basic, serial_shops, shop
D:7:      layout_basic, mainiacjoe_overflow_concentric_impassable,
          mainiacjoe_overflow_alcove_2
D:8:      cheibrodos_helix_gallery, layout_basic, lair_entry_dummy,
          enter_ossuary_4, nicolae_shop_gadgets, uniq_gastronok, uniq_erica
D:9:      minmay_goldmine, layout_irregular_city,
          mainiacjoe_overflow_cross_hatched, orc_0_dummy, minmay_hedge_maze,
          uniq_maurice, uniq_pikel
D:10:     hellmonk_ruined_rings, layout_grid_maze, mainiacjoe_overflow_alcove_1,
          serial_rivers, chequers_serial_rivers_marsh,
          chequers_serial_rivers_room_b, chequers_serial_rivers_micro_d,
          chequers_serial_rivers_small_a, chequers_serial_rivers_micro_e,
          chequers_serial_rivers_micro_c
D:11:     layout_rooms
D:12:     hangedman_what_comes_after_a, layout_basic, serial_shops,
          nicolae_stop_n_shop_1
D:13:     layout_stronghold
D:14:     layout_loops_ring, erik_vaults_2, serial_shops, nicolae_shop_stone,
          shop_statue, nicolae_shop_crystal, nicolae_sextant, nzn_ghost_randoct,
          kennysheep_path_1
D:15:     hangedman_depths_entry_try_elsewhere_first, layout_stronghold,
          serial_shops, nicolae_diamond_shop, grunt_ministairs_9, nicolae_wwwww
Lair:1:   layout_regular_city, serial_bayou_shore_a, grunt_megastairs_4
Lair:2:   layout_cave_pods, elwin_shoals_entry_stream, forest_entry_grove,
          lemuel_fruit_tree
Lair:3:   layout_roguey, hellmonk_spider_entry_not_the_bees,
          gammafunk_ghost_necromancy, portal_ice_cave_entry_pillars_1,
          beast_lair_carwin_3
Lair:4:   layout_misc_corridors, minmay_slime_entry_jelly_boxes, ice2_lemuel
Lair:5:   gammafunk_lair_ancient_temple, layout_hall_layers,
          serial_bayou_shore_b, uniq_snorg
Shoals:1: layout_shoals, nicolae_shoals_lost_giant_amphitheater
Shoals:2: layout_shoals, lightli_airlock
Shoals:3: layout_shoals
Shoals:4: shoals_end_hellmonk_lost_city
Spider:1: layout_spider_delve
Spider:2: layout_chambers, hellmonk_spider_spawner
Spider:3: layout_spider_delve, hellmonk_watch_for_rolling_rocks, uniq_donald
Spider:4: hellmonk_spider_rune_endless_swarm, drop_trap, guppyfry_spider_mini_1
Slime:1:  layout_caves
Slime:2:  layout_caves
Slime:3:  layout_caves, nicolae_slime_phagocytosis
Slime:4:  cheibrodos_slime_lost_civilization_1, layout_caves,
          amcnicky_altar_lugonu_corruption
Slime:5
Orc:1:    layout_diamond_mine, nicolae_specific_store,
          hellmonk_bongcloud_opening, guppyfry_orc_lava_fort
Orc:2:    st_orc_ogre_mass, layout_caves, serial_shops, nicolae_shop_trees,
          nicolae_shop_bloodbath_and_beyond, basic_altar
Elf:1:    minmay_the_grid_octo_tiled_octocenter [minmay_the_grid_octo_pinwheel,
          minmay_the_grid_octo_chip, minmay_the_grid_octo_clover_2,
          minmay_the_grid_octo_tetromino_candy,
          minmay_the_grid_octo_prize_square_snowflake,
          minmay_the_grid_square_5x5_minivault,
          minmay_the_grid_square_5x5_hollow_slash,
          minmay_the_grid_square_5x5_fancy_junction,
          minmay_the_grid_square_5x5_two], layout_geoelf_grid,
          ebering_ghost_gozag, minmay_shop_grove, uniq_roxanne, uniq_louise
Elf:2:    nicolae_elf_blades_crystal_corner, layout_onion_city, basic_altar
Elf:3:    minmay_elf_hall_spiked, layout_gridlike, nicolae_shop_self_help
Vaults:1: vaults_mumra_chevron_long, v_misc_25, nicolae_vaults_what_the_h,
          ontoclasm_vaults_chip, ontoclasm_vaults_hangar, v_rooms_6,
          vaults_dpeg_cross, vaults_standard_mumra_x,
          hangedman_vaults_restitches, hangedman_vaults_hard_town_square,
          vaults_mumra_minichess_inversion, vaults_room_pool,
          layout_vaults_maze, serial_shops, nicolae_shop_statue_plus,
          nicolae_diamond_shop
Vaults:2: v_misc_22, nicolae_vaults_yaktaur_gun_rack,
          nicolae_vaults_big_angled_halls, minmay_crypt_entry_simple_statues,
          vaults_mumra_hex, v_pattern_1, nicolae_vaults_little_squares_2,
          v_alt_pattern_1, ontoclasm_vaults_spin, vaults_room_hallway,
          grunt_vaults_swirl, vaults_room_grid, grunt_vaults_funnel,
          layout_vaults_big_cross, serial_shops, shop, nicolae_shop_statue_plus,
          shop, shop
Vaults:3: vaults_room_pool, v_misc_2, dpeg_vaults_monster_row,
          nicolae_vaults_little_squares_6, v_misc_10, layout_vaults_omnigrid,
          uniq_bai_suzhen
Vaults:4: v_pattern_2, nicolae_vaults_big_angled_halls,
          hangedman_vaults_river_flow, ontoclasm_vaults_decontamination,
          st_smaller_cells, v_misc_17, nicolae_vaults_triangles,
          nicolae_vaults_windows_and_doors_thing, v_misc_10,
          nicolae_vaults_specimen_jars, vaults_room_grunt_arrival_checkpoint,
          layout_vaults_ring
Vaults:5: serial_shops, uniq_boris
Depths:1: layout_honeycomb, pan_entry, okawaru_ov_weapons_minmay,
          nicolae_hell_entry_hellmouth_sunbeams, minmay_misc_feat_five,
          unseen_surprise_small
Depths:2: kennysheep_room_grid, layout_cave_pools, hell_entry,
          rand_demon_pan_entry_9, nicolae_figureground_pulse,
          infiniplex_staircase_pool_2, serial_bayou_shore_b,
          serial_bayou_shore_b
Depths:3: grunt_forest_end_shrine, layout_cave_pools,
          abyss_entry_small_statue_room, minmay_tree_intersection,
          hangedman_coc_ice_floe, grunt_pan_entry_zigzag, fedhas_altar_3
Depths:4: grunt_zot_entry_gee_three, layout_honeycomb, enter_ziggurat_e,
          abyss_entry_flame_altar, hell_entry, hangedman_decor_slide_cut,
          kilobyte_mutagenic_chamber, uniq_parghit
Zot:1:    layout_twisted_circle
Zot:2:    layout_basic, uniq_josephina
Zot:3:    hellmonk_paralyzer, layout_basic
Zot:4:    layout_twisted_circle, lemuel_golem_globe
Zot:5:    layout_concentric_octagons, nicolae_transmutations_shop

Skill      XL: |  1  2  3  4  5  6  7  8  9 10 11 12 13 14 15 16 17 18 19 20 21 22 23 24 25 26 27 |
---------------+----------------------------------------------------------------------------------+-----
Maces & Flails | 3 |  3.5
Fighting       | 3 4 6 9 10 12 13 15 16 17 18 21 23 | 23.4
Armour         | 3 4 5 8 10 11 12 14 15 16 17 19 23 26 | 26.1
Dodging        | 2 3 5 7 8 10 11 12 13 15 | 15.0
Axes           | 1 2 3 |  3.7
Shields        | 1 2 3 7 9 10 11 13 15 | 15.0
Polearms       | 5 7 9 11 12 13 | 13.7
Throwing       | 3 5 6 8 9 11 12 13 14 16 | 16.0
Evocations     | 3 6 8 10 12 13 15 16 18 19 20 | 20.0
Invocations    | 6 13 14 | 14.0

Action                   |  1- 3 |  4- 6 |  7- 9 | 10-12 | 13-15 | 16-18 | 19-21 | 22-24 | 25-27 || total
-------------------------+-------+-------+-------+-------+-------+-------+-------+-------+-------++-------
Melee: Mace              |   128 |     1 |       |       |       |       |       |       |       ||   129
       Tailslap          |    16 |    10 |    20 |    82 |   182 |   324 |   385 |   227 |   481 ||  1727
       Punch             |     1 |       |       |       |       |       |       |       |       ||     1
       War axe           |       |   133 |    60 |       |       |       |       |       |       ||   193
       Trident           |       |       |   114 |   475 |       |       |       |       |       ||   589
       Demon trident     |       |       |       |   273 |  1189 |  1853 |  1913 |   979 |   878 ||  7085
       Lance             |       |       |       |       |       |       |       |       |  1003 ||  1003
Throw: Throwing net      |       |       |     1 |       |       |       |       |       |       ||     1
       Boomerang         |       |       |       |     4 |   201 |   133 |    33 |    54 |    36 ||   461
       Javelin           |       |       |       |       |       |       |       |     5 |    15 ||    20
Invok: Berserk           |       |     5 |     6 |    11 |     2 |     1 |     1 |     2 |     2 ||    30
       Trog's Hand       |       |       |       |     4 |     3 |     3 |    26 |    14 |     7 ||    57
       Brothers in Arms  |       |       |       |       |     6 |     6 |     5 |     3 |     3 ||    23
 Abil: Evoke Invisibilit |       |       |       |       |     2 |       |       |       |       ||     2
       Evoke Blink       |       |       |       |       |       |       |       |     2 |       ||     2
Evoke: Wand              |       |       |       |     5 |    24 |    16 |     8 |     4 |    12 ||    69
       Tin of tremorston |       |       |       |     2 |     5 |     7 |    13 |     5 |    11 ||    43
       Condenser vane    |       |       |       |       |       |     1 |     1 |     1 |     4 ||     7
       Box of beasts     |       |       |       |       |       |       |       |     1 |       ||     1
  Use: Scroll            |       |       |       |    20 |    13 |    12 |     8 |     9 |     9 ||    71
       Potion            |       |       |       |     3 |     1 |     3 |     4 |     9 |    10 ||    30
 Stab: Distracted        |       |       |       |     1 |     1 |       |     1 |       |     2 ||     5
       Invisible         |       |       |       |       |     4 |       |       |       |     2 ||     6
       Sleeping          |       |       |       |       |       |       |     1 |       |       ||     1
       Confused          |       |       |       |       |       |       |       |       |     1 ||     1
Armor: Animal skin       |    63 |       |       |       |       |       |       |       |       ||    63
       Ring mail         |     2 |       |       |       |       |       |    42 |       |       ||    44
       Scale mail        |       |    35 |       |   140 |   198 |   515 |   151 |       |       ||  1039
       Chain mail        |       |    11 |    73 |    51 |     6 |       |       |       |       ||   141
       Ice dragon scales |       |       |       |       |     9 |       |       |       |       ||     9
       Storm dragon scal |       |       |       |       |       |       |    99 |   293 |   368 ||   760
Dodge: Dodged            |    59 |    37 |    62 |   358 |   439 |   966 |   459 |   381 |   598 ||  3359
Block: Buckler           |     3 |    14 |       |       |       |       |       |       |       ||    17
       Kite shield       |       |    15 |    70 |   255 |   374 |  1171 |   894 |   617 |   921 ||  4317
       Reflection        |       |       |       |       |       |       |    67 |       |       ||    67

Table legend: (Time is in decaauts)
 A = Elapsed time spent in this place.
 B = Non-inter-level travel time spent in this place.
 C = Inter-level travel time spent in this place.
 D = Time resting spent in this place.
 E = Time spent auto-exploring this place.
 F = Levels seen in this place.
 G = Mean time per level.
                   A        B        C        D        E       F      G
               +--------+--------+--------+--------+--------+-----+--------+
         Total |  60338 |  53417 |   6921 |   6359 |  19776 |  55 | 1097.1 |
       Dungeon |  18437 |  15609 |   2828 |   2502 |   7323 |  15 | 1229.1 |
          Lair |   5878 |   5086 |    792 |    626 |   2283 |   5 | 1175.6 |
        Shoals |   3800 |   3058 |    742 |    265 |     64 |   4 |  950.0 |
   Spider Nest |   4443 |   4248 |    195 |    460 |   1115 |   4 | 1110.8 |
    Slime Pits |   1392 |   1324 |     68 |    395 |     49 |   5 |  278.4 |
  Orcish Mines |   1726 |   1375 |    351 |      7 |    506 |   2 |  863.0 |
   Elven Halls |   4740 |   4067 |    673 |    240 |   1814 |   3 | 1580.0 |
        Vaults |   7294 |   6786 |    508 |    631 |   2772 |   5 | 1458.8 |
        Depths |   4190 |   3810 |    380 |    267 |   1582 |   4 | 1047.5 |
           Zot |   6577 |   6197 |    380 |    744 |   2129 |   5 | 1315.4 |
         Abyss |    648 |    648 |      0 |     59 |      0 |   1 |  648.0 |
       Ossuary |    319 |    319 |      0 |      0 |      0 |   1 |  319.0 |
      Ice Cave |    889 |    889 |      0 |    158 |    137 |   1 |  889.0 |
               +--------+--------+--------+--------+--------+-----+--------+

Top non-repeatable levels by time:
    D:12: 2234 daAuts
   Elf:3: 2142 daAuts
     D:6: 1983 daAuts
   Elf:1: 1760 daAuts
    D:13: 1733 daAuts
Vaults:2: 1639 daAuts
Vaults:5: 1622 daAuts
    D:10: 1549 daAuts
   Zot:5: 1509 daAuts
Spider:4: 1505 daAuts
Vaults:3: 1477 daAuts
Spider:2: 1433 daAuts
   Zot:3: 1429 daAuts
  Lair:3: 1392 daAuts
  Lair:2: 1374 daAuts
